[Event "Titled Tuesday Blitz May 9 Early 2023"]
[White "Korpics, Zsolt"]
[Black "Manukyan, Sargis V."]
[WhiteFideId "705241"]
[BlackFideId "13303465"]
[WhiteElo "2366"]
[BlackElo "2236"]
[Result "0-1"]
[Round "05"]
[TimeControl "180+2"]
[Date "2023.05.09"]
[WhiteClock "0:00:10"]
[BlackClock "0:00:21"]

1. e4 c5 2. Nf3 Nc6 3. d4 cxd4 4. Nxd4 e5 5. Nb5 d6 6. N1c3 a6 7. Na3 b5 8. Nd5 Nge7 9. c4 Nxd5 10. cxd5 Nd4 11. Be3 Qa5+ 12. Qd2 Qxd2+ 13. Kxd2 g6 14. Bxd4 exd4 15. Nc2 Bg7 16. Kd3 f5 17. f3 fxe4+ 18. fxe4 O-O 19. Be2 a5 20. Bf3 b4 21. Nxd4 Ba6+ 22. Ke3 Rac8 23. Nc6 Bxb2 24. Ne7+ Kg7 25. Nxc8 Rxc8 26. Rab1 Bf6 27. Rhd1 Rc2 28. Kf4 Be5+ 29. Kg4 Bc8+ 30. Kh4 Kh6 31. g4 Rxh2# 0-1


[Site "https://www.chess.com"]

[Event "Titled Tuesday Blitz May 9 Early 2023"]
[White "Goffredo_Fofi"]
[Black "Senft, Sean"]
[BlackFideId "2044960"]
[WhiteElo "2539"]
[BlackElo "1989"]
[Result "1-0"]
[Round "05"]
[TimeControl "180+2"]
[Date "2023.05.09"]
[WhiteClock "0:00:08"]
[BlackClock "0:00:03"]

1. d4 d5 2. c4 c6 3. Nc3 Nf6 4. Nf3 a6 5. cxd5 cxd5 6. Bf4 Nc6 7. Rc1 Bf5 8. e3 e6 9. Qb3 Ra7 10. Be2 Bd6 11. Bxd6 Qxd6 12. O-O O-O 13. Na4 Ne4 14. Nc5 b5 15. Nxe4 Bxe4 16. Nd2 Bg6 17. Rc5 Na5 18. Qc3 Nc4 19. b3 Nxd2 20. Qxd2 Rc7 21. Rfc1 Rfc8 22. b4 h6 23. h3 Rxc5 24. bxc5 Qc7 25. Qb4 Rb8 26. c6 a5 27. Qc5 b4 28. Bb5 Rb6 29. Be2 Rb8 30. Bf1 f6 31. Be2 Be8 32. Bg4 Kf7 33. e4 dxe4 34. d5 exd5 35. Qxd5+ Kf8 36. Be6 Ke7 37. Qxe4 a4 38. Bd7+ Kf8 39. Bxe8 Rxe8 40. Qxb4+ Kf7 41. Qxa4 Re6 42. Qb5 Qf4 43. Rd1 Re7 44. Qd5+ Kg6 45. Qd3+ Kf7 46. Qb3+ Kg6 47. a4 f5 48. Qb5 Re5 49. Qb6 Qxa4 50. c7+ Kh7 51. Rc1 Rd5 52. c8=Q Rd1+ 53. Rxd1 1-0


[Site "https://www.chess.com"]

[Event "Titled Tuesday Blitz May 9 Early 2023"]
[White "Rangel, Daniel"]
[Black "Boldoo, Erdenepurev"]
[WhiteFideId "2124475"]
[BlackFideId "4901037"]
[WhiteElo "2256"]
[BlackElo "2299"]
[Result "1-0"]
[Round "05"]
[TimeControl "180+2"]
[Date "2023.05.09"]
[WhiteClock "0:00:06"]
[BlackClock "0:00:03"]

1. c4 c6 2. g3 d5 3. Bg2 Nf6 4. Nf3 Bg4 5. O-O e6 6. b3 Nbd7 7. Bb2 Be7 8. d3 O-O 9. Nbd2 h6 10. Ne5 Bf5 11. Ndf3 Bh7 12. a3 a5 13. Qc1 Re8 14. Qc3 Nxe5 15. Nxe5 Bf8 16. e3 Qc7 17. b4 axb4 18. axb4 Qb6 19. c5 Qb5 20. g4 Ra6 21. Rxa6 bxa6 22. h4 Rb8 23. g5 hxg5 24. hxg5 Ne8 25. g6 Bxg6 26. Nxg6 fxg6 27. Bh3 Nc7 28. Qe5 Rb7 29. Qf4 Qxb4 30. Bd4 Bxc5 31. Rc1 Bxd4 32. exd4 c5 33. Rxc5 Qb1+ 34. Kh2 Qb6 35. Qe5 Kh7 36. Bg4 Nb5 37. Kg2 Re7 38. Qh2+ Kg8 39. Rc8+ Re8 40. Rxe8+ Kf7 41. Rxe6 Qxd4 42. Qg3 Nc3 43. Qf3+ Kg8 44. Re8+ Kh7 45. Qh3# 1-0


[Site "https://www.chess.com"]

[Event "Titled Tuesday Blitz May 9 Early 2023"]
[White "Zaragatski, Ilja"]
[Black "Fajdetic, Hrvoje"]
[WhiteFideId "4655192"]
[BlackFideId "14501945"]
[WhiteElo "2460"]
[BlackElo "2185"]
[Result "1-0"]
[Round "05"]
[TimeControl "180+2"]
[Date "2023.05.09"]
[WhiteClock "0:00:19"]
[BlackClock "0:00:03"]

1. g3 f5 2. Bg2 e5 3. c4 Nf6 4. Nc3 d6 5. e3 Be7 6. Nge2 O-O 7. O-O c6 8. d3 Qe8 9. b4 Qh5 10. b5 Ng4 11. h3 Nf6 12. f4 Be6 13. Rb1 e4 14. Nd4 Qxd1 15. Rxd1 Bc8 16. dxe4 fxe4 17. g4 c5 18. Nde2 Be6 19. Nxe4 Nxe4 20. Bxe4 Nd7 21. Bxb7 Rad8 22. Bd5 Bxd5 23. Rxd5 Nb6 24. Rd1 Nxc4 25. Nc3 Bh4 26. Nd5 Rfe8 27. Kg2 Re4 28. Kf3 Rde8 29. Rb3 Bd8 30. a4 R4e6 31. Rc3 Nb6 32. Nxb6 axb6 33. Rcd3 Bc7 34. Bb2 h6 35. f5 Re4 36. Ra3 Rc4 37. Bc3 Ree4 38. a5 bxa5 39. Bxa5 Bxa5 40. Rxa5 Rb4 41. Rxd6 Re7 42. Re6 Rb7 43. b6 c4 44. Rc5 R4xb6 45. Rxb6 Rxb6 46. Rxc4 Rb3 47. Kf4 Kh7 48. h4 Rb7 49. g5 hxg5+ 50. hxg5 Kg8 51. Rc8+ Kf7 52. g6+ Ke7 53. Rg8 Kf6 54. Rf8+ Ke7 55. Rf7+ 1-0


[Site "https://www.chess.com"]

[Event "Titled Tuesday Blitz May 9 Early 2023"]
[White "Nguyen, Hong Anh"]
[Black "Avalos Parra, Joao"]
[WhiteFideId "12406732"]
[BlackFideId "3402541"]
[WhiteElo "2054"]
[BlackElo "2173"]
[Result "1/2-1/2"]
[Round "05"]
[TimeControl "180+2"]
[Date "2023.05.09"]
[WhiteClock "0:00:23"]
[BlackClock "0:00:24"]

1. d4 d5 2. c4 e6 3. Nc3 Nf6 4. cxd5 exd5 5. Bg5 Bb4 6. e3 h6 7. Bh4 g5 8. Bg3 Ne4 9. Qb3 c5 10. Nf3 Nc6 11. Bb5 O-O 12. O-O c4 13. Qc2 Bxc3 14. bxc3 Ne7 15. Nd2 Nxg3 16. hxg3 a6 17. Bxc4 dxc4 18. Nxc4 Be6 19. Ne5 Rc8 20. Qb2 Qc7 21. Rac1 Nc6 22. f4 Nxe5 23. fxe5 b5 24. Rf6 Kg7 25. e4 Bc4 26. Kf2 Qb7 27. Rh1 Rh8 28. Ke3 Rc6 29. Rf3 g4 30. Rf4 Qd7 31. d5 Rg6 32. Qd2 Qa7+ 33. Qd4 Qxd4+ 34. Kxd4 Re8 35. a4 Rg5 36. axb5 axb5 37. Ra1 Rgxe5 38. Rxg4+ Kh7 39. Ra7 R8e7 40. Rxe7 Rxe7 41. e5 Rd7 42. d6 Be6 43. Rf4 Ra7 44. Kc5 Ra3 45. Rf3 Rb3 46. Kb6 Kg6 47. Kc7 Rb1 48. d7 Rd1 49. d8=Q Rxd8 50. Kxd8 Bd5 51. Rd3 Bxg2 52. Rd2 Bf1 53. Ke7 Bc4 54. Rf2 Kg5 55. Rf6 h5 56. Rf4 h4 57. Rxh4 Kf5 58. Rxc4 bxc4 59. Kxf7 Kxe5 60. Kg6 Ke4 61. g4 Kd3 62. g5 Kxc3 63. Kf7 Kb2 64. g6 c3 65. g7 c2 66. g8=Q c1=Q 67. Qb8+ Kc2 68. Qc7+ Kb1 1/2-1/2


[Site "https://www.chess.com"]

[Event "Titled Tuesday Blitz May 9 Early 2023"]
[White "Vifleemskaia, Svetlana"]
[Black "Horak, Martin"]
[WhiteFideId "4129490"]
[BlackFideId "367095"]
[WhiteElo "1930"]
[BlackElo "2091"]
[Result "0-1"]
[Round "05"]
[TimeControl "180+2"]
[Date "2023.05.09"]
[WhiteClock "0:00:00"]
[BlackClock "0:00:49"]

1. d4 Nf6 2. c4 e6 3. Nc3 Bb4 4. e3 O-O 5. Ne2 c5 6. a3 Bxc3+ 7. Nxc3 cxd4 8. exd4 d5 9. Be3 b6 10. cxd5 Nxd5 11. Nxd5 Qxd5 12. Rc1 Bb7 13. Qg4 Nd7 14. h4 Rac8 15. Rxc8 Rxc8 16. h5 Nf6 17. Qe2 Qb3 18. Qb5 Qa2 19. Rh3 Qb1+ 20. Ke2 Rc2+ 21. Bd2 Qc1 22. Rd3 Be4 0-1


[Site "https://www.chess.com"]

[Event "Titled Tuesday Blitz May 9 Early 2023"]
[White "Baghdasaryan, Vahe"]
[Black "Mike24147"]
[WhiteFideId "13303139"]
[WhiteElo "2216"]
[BlackElo "2320"]
[Result "1-0"]
[Round "05"]
[TimeControl "180+2"]
[Date "2023.05.09"]
[WhiteClock "0:00:09"]
[BlackClock "0:00:05"]

1. e4 c5 2. Nf3 e6 3. d4 cxd4 4. Nxd4 Nf6 5. Nc3 Nc6 6. Ndb5 d6 7. Bf4 e5 8. Bg5 a6 9. Na3 b5 10. Nd5 Be7 11. Bxf6 Bxf6 12. c3 Bg5 13. Nc2 O-O 14. a4 bxa4 15. Rxa4 Ne7 16. h4 Bh6 17. Ncb4 a5 18. Nxe7+ Qxe7 19. Nd5 Qd8 20. Bc4 Be6 21. b3 Kh8 22. Qe2 f5 23. exf5 Bxf5 24. g4 Bd7 25. g5 Bxa4 26. bxa4 Bxg5 27. hxg5 Qxg5 28. Kd1 Rab8 29. Bd3 g6 30. f4 exf4 31. Qe6 Qg2 32. Be4 Rb1+ 33. Bxb1 Qxh1+ 34. Kc2 Qg2+ 35. Kb3 Rb8+ 36. Kc4 Rxb1 37. Qf6+ Kg8 38. Ne7# 1-0


[Site "https://www.chess.com"]

[Event "Titled Tuesday Blitz May 9 Early 2023"]
[White "Spalir, Jernej"]
[Black "Alahakoon, Isuru"]
[WhiteFideId "14606518"]
[BlackFideId "9900993"]
[WhiteElo "2282"]
[BlackElo "1953"]
[Result "1-0"]
[Round "05"]
[TimeControl "180+2"]
[Date "2023.05.09"]
[WhiteClock "0:00:49"]
[BlackClock "0:00:00"]

1. d4 d5 2. Nf3 Bf5 3. c4 e6 4. Nc3 Nc6 5. cxd5 exd5 6. g3 Nb4 7. e4 dxe4 8. Nh4 Be6 9. a3 Nd5 10. Nxe4 Be7 11. Nf3 Ngf6 12. Nxf6+ Bxf6 13. Bg2 O-O 14. O-O c6 15. h3 Qd7 16. Kh2 Rad8 17. Qa4 a6 18. Rd1 Rfe8 19. Qa5 Qc7 20. Qxc7 Nxc7 21. Bf4 Nb5 22. Be5 Bxe5 23. dxe5 Bb3 24. Re1 Nd4 25. Nxd4 Rxd4 26. Re3 Bd5 27. Rae1 Bxg2 28. Kxg2 Re6 29. R1e2 Kf8 30. f4 g6 31. Rb3 b5 32. Kf3 c5 33. g4 c4 34. Rbe3 Rd1 35. a4 Ke7 36. axb5 axb5 37. Ra3 Rf1+ 38. Ke4 f5+ 39. gxf5 gxf5+ 40. Kxf5 Rh6 41. Ra7+ Ke8 42. Rg2 Rh5+ 43. Rg5 Rxg5+ 44. Kxg5 Rf2 45. e6 Rxb2 46. Kf6 Kd8 47. e7+ Ke8 48. Ra8+ 1-0


[Site "https://www.chess.com"]

[Event "Titled Tuesday Blitz May 9 Early 2023"]
[White "I_KID_you_not"]
[Black "Lehtosaari, Mauri"]
[BlackFideId "501999"]
[WhiteElo "2287"]
[BlackElo "2520"]
[Result "1/2-1/2"]
[Round "05"]
[TimeControl "180+2"]
[Date "2023.05.09"]
[WhiteClock "0:00:09"]
[BlackClock "0:00:16"]

1. e4 c5 2. Nc3 e6 3. Nge2 Nc6 4. g3 Nf6 5. Bg2 Be7 6. O-O O-O 7. h3 d5 8. exd5 exd5 9. d4 Bf5 10. Be3 c4 11. g4 Bg6 12. f4 Be4 13. Nxe4 Nxe4 14. Bxe4 dxe4 15. Ng3 Qd5 16. c3 Bh4 17. Nf5 Bf6 18. Qc2 g6 19. Ng3 Rae8 20. g5 Bg7 21. Rae1 f5 22. gxf6 Bxf6 23. Bf2 Bh4 24. Nxe4 Bxf2+ 25. Rxf2 Qf5 26. Kg2 Re6 27. Ree2 Rfe8 28. Ng3 Qd5+ 29. Kh2 Re3 30. f5 Qd6 31. Rxe3 Rxe3 32. Rg2 Ne7 33. fxg6 Nxg6 34. Qf5 a6 35. h4 Qf4 36. Qxf4 Nxf4 37. Rf2 Nd3 38. Rd2 Re1 39. b3 b5 40. bxc4 bxc4 41. Nf5 Rc1 42. d5 Kf7 43. d6 Ne5 44. d7 Nxd7 45. Rxd7+ Ke6 46. Rxh7 Kxf5 47. Ra7 Rxc3 48. Rxa6 Rc1 49. Kg3 c3 50. Kg2 Ke4 51. Re6+ Kd3 52. h5 Ra1 53. Kg3 Rxa2 54. Rc6 Ra8 55. Kg4 Ra4+ 56. Kg5 c2 57. Rxc2 Kxc2 58. h6 Ra5+ 59. Kg6 Ra6+ 60. Kg7 Ra7+ 61. Kg8 Ra8+ 62. Kg7 Kd3 63. h7 Ke4 64. h8=Q Rxh8 65. Kxh8 1/2-1/2


[Site "https://www.chess.com"]

[Event "Titled Tuesday Blitz May 9 Early 2023"]
[White "Rodchenkov, Sergey D."]
[Black "babbilator"]
[WhiteFideId "4168712"]
[WhiteElo "2277"]
[BlackElo "2280"]
[Result "1-0"]
[Round "05"]
[TimeControl "180+2"]
[Date "2023.05.09"]
[WhiteClock "0:00:10"]
[BlackClock "0:00:00"]

1. e4 c5 2. Nf3 e6 3. d4 cxd4 4. Nxd4 Nc6 5. Nc3 Qc7 6. Be3 a6 7. a3 Nf6 8. f4 d6 9. g4 Nxd4 10. Bxd4 e5 11. Be3 exf4 12. g5 fxe3 13. gxf6 Qb6 14. Nd5 Qxb2 15. Rb1 Qxa3 16. Rg1 Qa5+ 17. c3 g6 18. Ra1 Qc5 19. Rg5 Bh6 20. Rg3 Be6 21. Bb5+ Kd8 22. Be2 Bxd5 23. exd5 Qxc3+ 24. Kf1 Rc8 25. Rb1 b5 26. Kg2 Bf4 27. Rf3 Qe5 28. Qf1 Qg5+ 29. Kh1 Be5 30. Rd1 1-0


[Site "https://www.chess.com"]

[Event "Titled Tuesday Blitz May 9 Early 2023"]
[White "Levitan, Caleb Levi"]
[Black "Petrovic, Aleksa"]
[WhiteFideId "14332620"]
[BlackFideId "967629"]
[WhiteElo "1963"]
[BlackElo "2309"]
[Result "0-1"]
[Round "05"]
[TimeControl "180+2"]
[Date "2023.05.09"]
[WhiteClock "0:00:00"]
[BlackClock "0:00:41"]

1. e4 d5 2. exd5 Qxd5 3. Nc3 Qe5+ 4. Be2 Bg4 5. d4 Bxe2 6. Ngxe2 Qa5 7. Bf4 e6 8. Bxc7 Qxc7 9. d5 Nf6 10. dxe6 fxe6 11. Nd4 Qe5+ 12. Nce2 Nc6 13. O-O Bd6 14. f4 Qe3+ 15. Kh1 Nxd4 16. Nxd4 O-O 17. f5 Ne4 18. Nxe6 Bc5 19. Nxc5 Qxc5 20. Qe1 Rae8 21. Qh4 Rxf5 22. c3 Nf2+ 23. Kg1 Rf4 24. Qxf4 Nh3+ 25. Kh1 Nxf4 26. Rxf4 Re2 27. Rd1 Qd6 28. Rff1 Rd2 29. Rde1 h6 30. Re8+ Kh7 31. h3 Qc6 32. Rg1 Qxe8 0-1


[Site "https://www.chess.com"]

[Event "Titled Tuesday Blitz May 9 Early 2023"]
[White "Nissinen, Niilo Man"]
[Black "Yeritsyan, Hayk"]
[WhiteFideId "30950767"]
[BlackFideId "13307320"]
[WhiteElo "1952"]
[BlackElo "2513"]
[Result "1-0"]
[Round "05"]
[TimeControl "180+2"]
[Date "2023.05.09"]
[WhiteClock "0:00:15"]
[BlackClock "0:00:04"]

1. e4 e6 2. d4 d5 3. e5 c5 4. c3 Nc6 5. Nf3 Nge7 6. Na3 cxd4 7. cxd4 Nf5 8. Nc2 Qb6 9. Bd3 Nb4 10. Nxb4 Bxb4+ 11. Kf1 O-O 12. g4 Nh6 13. Qc2 Bd7 14. Bxh7+ Kh8 15. h3 Rac8 16. Qb1 Bb5+ 17. Kg2 Be2 18. Be3 f5 19. exf6 Bxf3+ 20. Kxf3 Rxf6+ 21. Kg2 Rcf8 22. g5 Nf5 23. gxf6 Nxe3+ 24. fxe3 Rxf6 25. Qd3 e5 26. dxe5 Rh6 27. Rac1 Qe6 28. Bf5 Qe7 29. Rc8+ Qf8 30. Rxf8+ Bxf8 31. Rc1 Be7 32. Rc8+ Bd8 33. Rxd8# 1-0


[Site "https://www.chess.com"]

[Event "Titled Tuesday Blitz May 9 Early 2023"]
[White "Shvedova, Alexandra"]
[Black "Antonio, Jorge Carlos"]
[WhiteFideId "54154782"]
[BlackFideId "113190"]
[WhiteElo "1973"]
[BlackElo "2247"]
[Result "1/2-1/2"]
[Round "05"]
[TimeControl "180+2"]
[Date "2023.05.09"]
[WhiteClock "0:00:10"]
[BlackClock "0:00:02"]

1. Nf3 d5 2. g3 c6 3. Bg2 Nf6 4. c4 e6 5. d4 Be7 6. O-O O-O 7. Nc3 b6 8. b3 Nbd7 9. Bb2 Bb7 10. Qc2 Rc8 11. Rfd1 c5 12. cxd5 cxd4 13. Nxd4 Nxd5 14. Qd2 Nxc3 15. Bxc3 Bxg2 16. Kxg2 Nf6 17. Bb2 Qd5+ 18. Kg1 Rfd8 19. Qe3 Bc5 20. Qf3 Qxf3 21. Nxf3 Ne4 22. e3 f6 23. Nd4 Bxd4 24. Bxd4 Rc2 25. f3 Ng5 26. Rac1 Nxf3+ 27. Kf1 Rdc8 28. Rxc2 Rxc2 29. h4 e5 30. Ba1 Kf7 31. a4 Ke6 32. b4 Nh2+ 33. Ke1 Ng4 34. e4 Rc4 35. Ke2 Rxe4+ 36. Kf3 f5 37. Rc1 Rxb4 38. Bc3 Rxa4 39. Ke2 Kd5 40. Bd2 Ke4 41. Rc7 g6 42. Rxh7 f4 43. gxf4 exf4 44. Re7+ Kf5 45. Rf7+ Nf6 46. Kf3 Ra3+ 47. Ke2 Ke6 48. Rg7 Kf5 49. Rf7 Ke6 50. Rg7 Kf5 51. Rf7 1/2-1/2


[Site "https://www.chess.com"]

[Event "Titled Tuesday Blitz May 9 Early 2023"]
[White "Chernomordik, Pavel"]
[Black "Kuchava, Ana"]
[WhiteFideId "2804530"]
[BlackFideId "13605348"]
[WhiteElo "2193"]
[BlackElo "2001"]
[Result "1-0"]
[Round "05"]
[TimeControl "180+2"]
[Date "2023.05.09"]
[WhiteClock "0:00:56"]
[BlackClock "0:00:03"]

1. e4 c5 2. Nc3 Nc6 3. Bb5 Nd4 4. Bc4 e6 5. Nge2 a6 6. Nxd4 cxd4 7. Ne2 b5 8. Bb3 Qb6 9. d3 Bb7 10. O-O Nf6 11. f4 Be7 12. Ng3 O-O 13. a4 d6 14. Nh5 Nxh5 15. Qxh5 Qc5 16. f5 g6 17. Qg4 exf5 18. exf5 Bd5 19. f6 Bd8 20. Qh4 Bxb3 21. cxb3 Qe5 22. Bh6 Re8 23. Rae1 Bxf6 24. Qxf6 Qxe1 25. Qg7# 1-0


[Site "https://www.chess.com"]

[Event "Titled Tuesday Blitz May 9 Early 2023"]
[White "Samaganova, Aleksandra"]
[Black "Baches Garcia, Guillermo"]
[WhiteFideId "13800221"]
[BlackFideId "2209764"]
[WhiteElo "1858"]
[BlackElo "2511"]
[Result "1-0"]
[Round "05"]
[TimeControl "180+2"]
[Date "2023.05.09"]
[WhiteClock "0:00:03"]
[BlackClock "0:00:00"]

1. c4 Nf6 2. Nc3 e6 3. e4 d5 4. e5 Nfd7 5. Nf3 d4 6. Nxd4 Nxe5 7. Nf3 Nxf3+ 8. Qxf3 Nc6 9. d3 Bc5 10. Be3 Nd4 11. Qd1 e5 12. a3 a5 13. Be2 O-O 14. O-O Bf5 15. Ne4 Ba7 16. Ng3 Nxe2+ 17. Nxe2 Bxd3 18. Bxa7 Rxa7 19. Rc1 Ra6 20. Re1 Rg6 21. Ng3 Qd4 22. Rc3 Rd8 23. Qh5 f6 24. Qf3 c6 25. Qe3 Qxe3 26. Rxe3 Bb1 27. Re1 Ba2 28. b4 a4 29. Nf5 Rg4 30. c5 Rc4 31. Rxc4 Bxc4 32. Nd6 Bb5 33. Nxb7 Rd3 34. Nd6 Rxa3 35. Rc1 Bd3 36. h3 Kf8 37. b5 Bxb5 38. Nxb5 cxb5 39. c6 1-0


[Site "https://www.chess.com"]

[Event "Titled Tuesday Blitz May 9 Early 2023"]
[White "Wimalasuriya, Kasun M."]
[Black "surrenderPLS"]
[WhiteFideId "9906789"]
[WhiteElo "2230"]
[BlackElo "2511"]
[Result "0-1"]
[Round "05"]
[TimeControl "180+2"]
[Date "2023.05.09"]
[WhiteClock "0:02:31"]
[BlackClock "0:02:33"]

1. d4 Nf6 2. Nf3 e6 3. c4 d5 4. g3 b6 5. Bg2 Bb7 6. O-O Be7 7. Nc3 O-O 8. Ne5 c6 9. e4 dxe4 10. Nxe4 Nxe4 11. Bxe4 Qc8 12. Qf3 f5 13. Bc2 c5 14. Qe3 cxd4 15. Qxd4 Nc6 16. Nxc6 Qxc6 0-1


[Site "https://www.chess.com"]

[Event "Titled Tuesday Blitz May 9 Early 2023"]
[White "Jaskolka, Tomasz"]
[Black "Yonal, Timur"]
[WhiteFideId "1170791"]
[BlackFideId "44115725"]
[WhiteElo "2155"]
[BlackElo "1966"]
[Result "1-0"]
[Round "05"]
[TimeControl "180+2"]
[Date "2023.05.09"]
[WhiteClock "0:00:17"]
[BlackClock "0:00:00"]

1. d4 d5 2. Nc3 Nf6 3. Bf4 c6 4. e3 Bg4 5. f3 Bh5 6. g4 Bg6 7. h4 h6 8. Bd3 Bxd3 9. Qxd3 e6 10. Nge2 Bd6 11. O-O-O b5 12. Ng3 Qc7 13. Bxd6 Qxd6 14. Rdg1 Nbd7 15. e4 e5 16. Nf5 Qc7 17. exd5 b4 18. dxc6 Qxc6 19. d5 Nc5 20. Qe3 Qb6 21. Nb5 Qxb5 22. Nd6+ Kd7 23. Nxb5 Rac8 24. Qxe5 Rhe8 25. Qf5+ Kd8 26. Nd6 Re5 27. Qxc8+ 1-0


[Site "https://www.chess.com"]

[Event "Titled Tuesday Blitz May 9 Early 2023"]
[White "Winkels, Marcel"]
[Black "Perera Alfonso, Rene Humberto"]
[WhiteFideId "1003887"]
[BlackFideId "3514722"]
[WhiteElo "1900"]
[BlackElo "2313"]
[Result "1/2-1/2"]
[Round "05"]
[TimeControl "180+2"]
[Date "2023.05.09"]
[WhiteClock "0:00:37"]
[BlackClock "0:01:47"]

1. d4 d5 2. Nc3 Nf6 3. Bf4 e6 4. Nb5 Na6 5. e3 Be7 6. Nf3 O-O 7. Be2 c6 8. Nc3 Nb8 9. O-O Nbd7 10. Ne5 Nxe5 11. Bxe5 Bd6 12. Bxd6 Qxd6 13. Bd3 e5 14. dxe5 Qxe5 15. Qf3 Bg4 16. Qg3 Qxg3 17. hxg3 Rfe8 18. Rfe1 Rad8 19. f3 Bc8 20. e4 dxe4 21. Nxe4 Nxe4 22. Bxe4 Kf8 23. Rad1 g6 24. g4 Be6 25. b3 Ke7 26. Kf2 a5 27. a3 Kf6 28. Rxd8 Rxd8 29. Ke2 Kg5 30. Rd1 Re8 31. Kf2 Bxg4 32. Bxc6 bxc6 33. fxg4 Kxg4 34. Rd4+ Kf5 35. Ra4 Re5 36. Rc4 c5 37. Ra4 g5 38. Rxa5 Ke4 39. b4 cxb4 40. Rxe5+ Kxe5 41. axb4 Kd4 42. b5 Kc5 43. c4 f5 44. Kf3 h5 45. Kg3 h4+ 46. Kf3 g4+ 47. Kf2 f4 48. Kf1 Kb6 49. Kf2 Ka5 50. Kf1 h3 51. gxh3 gxh3 52. Kf2 Kb6 53. Kf3 Kc5 54. Kf2 Kd6 55. b6 Kc6 56. c5 Kb7 57. Kf3 Kc6 58. Kf2 Kb7 59. Kf3 Kc6 60. Kf2 1/2-1/2


[Site "https://www.chess.com"]

[Event "Titled Tuesday Blitz May 9 Early 2023"]
[White "Ruge, Edison"]
[Black "Andreev, Konstantin"]
[WhiteFideId "4401000"]
[BlackFideId "24239305"]
[WhiteElo "2175"]
[BlackElo "2106"]
[Result "0-1"]
[Round "05"]
[TimeControl "180+2"]
[Date "2023.05.09"]
[WhiteClock "0:00:00"]
[BlackClock "0:00:38"]

1. e4 c5 2. Nf3 e6 3. d3 Nc6 4. Nbd2 Nge7 5. g3 g6 6. Bg2 Bg7 7. h4 h5 8. O-O O-O 9. c3 b5 10. Re1 Bb7 11. Nb3 d6 12. Bg5 Qc7 13. Rc1 a5 14. Nbd2 a4 15. a3 Rae8 16. Nf1 Qb6 17. Qd2 Kh7 18. N1h2 Na5 19. Rcd1 f5 20. exf5 Nxf5 21. Bf4 Kg8 22. Ng5 Bxg2 23. Kxg2 e5 24. Be3 Qc6+ 25. Kg1 c4 26. dxc4 Nxc4 27. Qc2 d5 28. Bc1 e4 29. Nf1 Ne5 30. Bf4 Nd3 31. Rxd3 exd3 32. Qd2 Rxe1 33. Qxe1 Qe8 34. Ne3 d4 35. cxd4 Nxe3 36. fxe3 Bxd4 37. Qd2 Rxf4 38. Qxd3 Qxe3+ 39. Qxe3 Bxe3+ 40. Kg2 Rf2+ 41. Kg1 Rxb2+ 0-1


[Site "https://www.chess.com"]

[Event "Titled Tuesday Blitz May 9 Early 2023"]
[White "Zavortink, Matt"]
[Black "Jaivardhan Raj"]
[WhiteFideId "2034263"]
[BlackFideId "25744437"]
[WhiteElo "2489"]
[BlackElo "1772"]
[Result "0-1"]
[Round "05"]
[TimeControl "180+2"]
[Date "2023.05.09"]
[WhiteClock "0:00:08"]
[BlackClock "0:00:05"]

1. Nf3 Nf6 2. g3 b6 3. Bg2 Bb7 4. O-O e6 5. c4 d6 6. d4 Nbd7 7. Qc2 Be4 8. Qb3 Qb8 9. Nc3 Bb7 10. Qc2 d5 11. cxd5 exd5 12. Nb5 Bd6 13. Nxd6+ cxd6 14. Bf4 O-O 15. Qb3 Ne4 16. Qa3 Ndf6 17. Bh3 Nh5 18. Be3 f5 19. Nd2 f4 20. Nxe4 dxe4 21. Bxf4 Nxf4 22. gxf4 Rxf4 23. e3 Rf6 24. Kh1 Rh6 25. Bg2 d5 26. h3 Bc8 27. Qe7 Bxh3 28. Rg1 Bd7+ 29. Bh3 Rxh3+ 30. Kg2 Qh2+ 31. Kf1 Rf3 32. Rg2 Qh1+ 33. Ke2 Qxg2 34. Qxd7 Qxf2+ 35. Kd1 Qf1+ 36. Kc2 Qf2+ 37. Kb3 Rxe3+ 38. Kb4 Qd2+ 39. Kb5 Qxb2+ 40. Ka6 Qa3+ 41. Kb7 Rf8 42. Rg1 Rf7 0-1


[Site "https://www.chess.com"]

[Event "Titled Tuesday Blitz May 9 Early 2023"]
[White "Van Baar, Esper"]
[Black "Degenbaev, Aziz"]
[WhiteFideId "1049321"]
[BlackFideId "13802640"]
[WhiteElo "2173"]
[BlackElo "2152"]
[Result "0-1"]
[Round "05"]
[TimeControl "180+2"]
[Date "2023.05.09"]
[WhiteClock "0:00:00"]
[BlackClock "0:01:39"]

1. e4 c5 2. Nf3 d6 3. Bb5+ Nd7 4. a4 Nf6 5. Nc3 e6 6. O-O Be7 7. a5 O-O 8. Re1 Ne5 9. Nxe5 dxe5 10. d3 Nd7 11. a6 Nb8 12. axb7 Bxb7 13. Be3 Nc6 14. Ba6 Rb8 15. Bxb7 Rxb7 16. Na4 Nd4 17. c3 Nb3 18. Ra3 c4 19. Rxb3 cxb3 20. c4 Qa5 21. Nc3 Rd8 22. Qh5 Bb4 0-1


[Site "https://www.chess.com"]

[Event "Titled Tuesday Blitz May 9 Early 2023"]
[White "Aldokhin, Ivan"]
[Black "Vivas Zamora, Fabian Ernesto"]
[WhiteFideId "24115720"]
[BlackFideId "3902480"]
[WhiteElo "2322"]
[BlackElo "2244"]
[Result "1-0"]
[Round "05"]
[TimeControl "180+2"]
[Date "2023.05.09"]
[WhiteClock "0:00:40"]
[BlackClock "0:00:00"]

1. e4 c5 2. Nf3 d6 3. d4 cxd4 4. Nxd4 Nf6 5. Nc3 g6 6. Bc4 Bg7 7. Bb3 O-O 8. h3 Nc6 9. Be3 Na5 10. O-O Bd7 11. Re1 a6 12. Bg5 Rc8 13. Nd5 Nxd5 14. exd5 Re8 15. c3 Nc4 16. Qe2 Qc7 17. Rad1 b5 18. Bxc4 bxc4 19. Qf3 Ba4 20. Rd2 Qb7 21. Rde2 Be5 22. Qe4 f5 23. Qf3 1-0


[Site "https://www.chess.com"]

[Event "Titled Tuesday Blitz May 9 Early 2023"]
[White "Sadykov, Ramil"]
[Black "Hadzimanolis, Antonios"]
[WhiteFideId "24113590"]
[BlackFideId "4202813"]
[WhiteElo "2245"]
[BlackElo "2242"]
[Result "1-0"]
[Round "05"]
[TimeControl "180+2"]
[Date "2023.05.09"]
[WhiteClock "0:00:04"]
[BlackClock "0:00:00"]

1. Nf3 Nf6 2. c4 e6 3. g3 d5 4. Bg2 dxc4 5. Qa4+ Bd7 6. Qxc4 c5 7. d4 b5 8. Qc2 Bc6 9. dxc5 Nbd7 10. O-O Be4 11. Qb3 Rb8 12. Rd1 Bxc5 13. Nc3 Bc6 14. Bf4 Rb6 15. Ne5 Bxg2 16. Kxg2 O-O 17. Ne4 Qa8 18. Nxd7 Qxe4+ 19. Qf3 Qxf3+ 20. Kxf3 Nxd7 21. Rxd7 f6 22. Rc1 Rc6 23. b4 e5 24. Be3 Rd6 25. Rxd6 Bxd6 26. a3 Rf7 27. Rc8+ Bf8 28. Ke4 g6 29. Bc5 Kg7 30. Bxf8+ Rxf8 31. Rxf8 Kxf8 32. Kd5 Ke7 33. Kc6 f5 34. Kxb5 e4 35. Kc5 Ke6 36. Kd4 Kd6 37. h4 h6 38. a4 g5 39. hxg5 hxg5 40. f3 f4 41. gxf4 exf3 42. exf3 gxf4 43. Ke4 1-0


[Site "https://www.chess.com"]

[Event "Titled Tuesday Blitz May 9 Early 2023"]
[White "Mouhamad, Joachim"]
[Black "Yelisieiev, Yevhenii"]
[WhiteFideId "656410"]
[BlackFideId "14139642"]
[WhiteElo "2125"]
[BlackElo "2403"]
[Result "1/2-1/2"]
[Round "05"]
[TimeControl "180+2"]
[Date "2023.05.09"]
[WhiteClock "0:00:07"]
[BlackClock "0:00:12"]

1. e4 d6 2. d4 Nf6 3. Nc3 e5 4. Nf3 Nbd7 5. Bc4 Be7 6. O-O O-O 7. a4 c6 8. h3 a5 9. Re1 Nb6 10. Bb3 Nfd7 11. Be3 exd4 12. Bxd4 Nc5 13. Ba2 Nbxa4 14. Nxa4 Nxa4 15. Bxg7 Kxg7 16. Qd4+ Bf6 17. Qxa4 Bxb2 18. Rab1 Qf6 19. e5 Bxe5 20. Nxe5 dxe5 21. Qa3 Bf5 22. Rxb7 Bxc2 23. Qc5 Bg6 24. Qxe5 a4 25. f4 a3 26. g4 Ra4 27. Qxf6+ Kxf6 28. f5 Bxf5 29. gxf5 Rf4 30. Re2 Rg8+ 31. Rg2 Rxg2+ 32. Kxg2 Rd4 33. Rxf7+ Kg5 34. Be6 a2 35. Ra7 Rd2+ 36. Kf3 Rd3+ 37. Ke2 Rxh3 38. Rg7+ Kf6 39. Rf7+ Ke5 40. Ra7 Rh1 41. Bxa2 Kxf5 42. Kf3 h5 43. Ra5+ Kf6 44. Kg2 Rc1 45. Ra6 Kg5 46. Ra5+ Kf4 47. Kh2 h4 48. Kh3 Rh1+ 49. Kg2 Rc1 50. Ra4+ Kg5 51. Ra5+ Kf4 52. Ra4+ Kg5 53. Rc4 Rxc4 54. Bxc4 Kf4 55. Kh3 Ke3 56. Kxh4 Kd4 57. Ba6 c5 58. Kg4 c4 59. Bxc4 1/2-1/2


[Site "https://www.chess.com"]